 Dungeon Crawl Stone Soup version 0.28.0 (webtiles) character file.

Game seed: 17929859890403094890

116 Alacron the Magician (level 5, -4/35 HPs)
             Began as a Djinni Fire Elementalist on Feb 16, 2022.
             Was a Plaything of Xom.
             Slain by a scorpion (6 damage)
             ... on level 4 of the Dungeon.
             The game lasted 00:08:49 (2702 turns).

Alacron the Magician (Djinni Fire Elementalist)     Turns: 2702, Time: 00:08:51

Health: -4/35      AC:  2    Str:  9    XL:     5   Next: 21%
Gold:   88         EV: 12    Int: 16    God:    Xom [..*...] SH:  0 Dex: 14

rFire   + + .      SeeInvis .   (no weapon)
rCold   x . .      Faith    .   (no shield)
rNeg    . . .      Spirit   .   a - +0 robe
rPois   ∞          Reflect  .   (no helmet)
rElec   .          Harm     .   (no cloak)
rCorr   .          Rampage  .   (no gloves)
Will    .....                   (boots unavailable)
Stlth   ++........              (no amulet)
HPRegen 0.11/turn               (no ring)
MPRegen 0.00/turn               (no ring)

@: flying
A: sickness immunity, fire resistance 2, cold vulnerability 1, float, innate
caster, HP casting, extra vitality 1
a: Renounce Religion


You were on level 4 of the Dungeon.
You worshipped Xom.
You were a toy of Xom.
You visited 1 branch of the dungeon, and saw 3 of its levels.

You collected 88 gold pieces.

Inventory:

Armour
 a - a +0 robe (worn)
Scrolls
 c - a scroll of identify {unknown}
 e - a scroll of immolation {unknown}
Potions
 b - 2 potions of curing {unknown}
 d - a potion of attraction {unknown}


   Skills:
 + Level 0.3 Fighting
 + Level 2.6 Dodging
 + Level 2.2 Stealth
 + Level 3.8 Spellcasting


You couldn't memorise any spells.
You knew the following spells:

 Your Spells              Type           Power      Damage    Failure   Level
a - Foxfire               Conj/Fire      60%        2x1d7     3%          1
b - Scorch                Fire           30%        2d6       5%          2
c - Conjure Flame         Conj/Fire      15%        6-21      11%         3
d - Inner Flame           Hex/Fire       15%        N/A       11%         3
e - Flame Wave            Conj/Fire      15%        2d6       34%         4
f - Animate Skeleton      Necr           30%        N/A       3%          1
g - Static Discharge      Conj/Air       15%        N/A       5%          2
Your spell library was empty.

Dungeon Overview and Level Annotations

Branches:
Dungeon (2/15)

Altars:
Xom
Yredelemnul


Innate Abilities, Weirdness & Mutations

You are immune to sickness and miasma.
You are immune to poison.
Your flesh is very heat resistant. (rF++)
You are vulnerable to cold. (rC-)
You float through the air rather than walking.
You learn spells naturally, not from books.
Your magical power is your life essence.
You have superior vitality. (+4 MHP)


Message History

Casting: Foxfire (safe; 3% risk of failure)
Confirm with . or Enter, or press ? or * to list all spells.
You conjure some foxfire! "How about this?"
Your 2 smoky green potions briefly glow.
The scorpion stings you but does no damage.
The orc hits you with a +0 club.
The foxfire hits the scorpion.
The scorpion is moderately wounded.
The foxfire hits the scorpion but does no damage.
The scorpion is moderately wounded.
The scorpion misses you.
Casting: Foxfire (safe; 3% risk of failure)
Confirm with . or Enter, or press ? or * to list all spells.
You conjure some foxfire!
* * * LOW HITPOINT WARNING * * *
The foxfire hits the orc.
The orc is almost dead.
The scorpion barely misses you.
The foxfire hits the orc.
You kill the orc!
Casting: Foxfire (safe; 3% risk of failure)
Confirm with . or Enter, or press ? or * to list all spells.
You conjure some foxfire!
* * * LOW HITPOINT WARNING * * *
The scorpion stings you.
* * * LOW HITPOINT WARNING * * *
Unknown command.
The foxfire hits the scorpion.
The scorpion is heavily wounded.
The foxfire hits the scorpion!
The scorpion is severely wounded.
Casting: Foxfire (safe; 3% risk of failure)
Confirm with . or Enter, or press ? or * to list all spells.
You conjure some foxfire!
* * * LOW HITPOINT WARNING * * *
The scorpion stings you.
* * * LOW HITPOINT WARNING * * *
The scorpion stings you.
You die...

#.# #.# #.# #.# #.# #.# ####
#####.###.# #)###.....
#.###.........########.........
........................######
#.###.#).......).######.#
#.#..........# ###.###
#.#........vs# #[....#
#.#)........@####.###.###
#........##..v...)# #.>.###
###.#.##.###.####.###.#...###
.###.#.# #.# #.....#.#.... #.#
#......#### ##.######..^.^.##
#.#........._^..#
##.######..^^^..# ### ##.....##


You could see a scorpion (ally target).

Vanquished Creatures
  A howler monkey (D:4)
  A killer bee zombie (D:4)
  An adder (D:4)
  A worm (D:2)
  A dart slug (D:1)
  An orc (D:4)
  3 bats
  4 endoplasms
  3 hobgoblins
  5 quokkas
  7 ball pythons (D:1)
  4 frilled lizards
  6 goblins
  3 kobolds
  A rat (D:1)
42 creatures vanquished.

Vanquished Creatures (others)
  146 foxfires
146 creatures vanquished.

Grand Total: 188 creatures vanquished

Notes
Turn   | Place    | Note
-------+----------+-------------------------------------------
     0 | D:1      | Alacron the Djinni Fire Elementalist began the quest for
                  | the Orb.
     0 | D:1      | Reached XP level 1. HP: 15/15 MP: 0/0
     2 | D:1      | Noticed a spriggan
     2 | D:1      | Noticed a gargoyle
     9 | D:1      | Noticed a vine stalker
    11 | D:1      | Noticed a demonspawn
    11 | D:1      | Noticed an ogre
    13 | D:1      | Noticed a merfolk
    15 | D:1      | Noticed a felid
    15 | D:1      | Noticed a vampire
    17 | D:1      | Noticed an octopode
    17 | D:1      | Noticed a demigod
    19 | D:1      | Noticed a troll
    19 | D:1      | Noticed a ghoul
    21 | D:1      | Noticed a minotaur
    21 | D:1      | Noticed a naga
    23 | D:1      | Noticed a draconian
    23 | D:1      | Noticed an elf
    25 | D:1      | Noticed a dwarf
    27 | D:1      | Noticed a formicid
    27 | D:1      | Noticed a human
    29 | D:1      | Noticed a tengu
   429 | D:1      | Reached XP level 2. HP: 6/21 MP: 0/0
  1701 | D:1      | Reached XP level 3. HP: 24/25 MP: 0/0
  1701 | D:1      | Learned a level 1 spell: Animate Skeleton
  1772 | D:2      | Reached skill level 3 in Spellcasting
  1872 | D:2      | Found a basalt altar of Yredelemnul.
  2213 | D:2      | You are sucked into a shaft and drop 2 floors!
  2220 | D:4      | Reached XP level 4. HP: 8/31 MP: 0/0
  2223 | D:4      | HP: 1/31 [adder (3)]
  2586 | D:4      | Found a shimmering altar of Xom.
  2650 | D:4      | Became a worshipper of Xom of Chaos
  2677 | D:4      | XOM: potion effect (curing)
  2683 | D:4      | Reached XP level 5. HP: 32/35 MP: 0/0
  2683 | D:4      | Learned a level 2 spell: Static Discharge
  2696 | D:4      | XOM: silly message
  2702 | D:4      | Slain by a scorpion

Illustrated notes

Levels and vault maps discovered:
D:1:      kb_arrival_jail, layout_basic
D:2:      layout_rooms, dreamdust_ecumenical_altar_angels_and_demons,
          basic_altar, guppyfry_early_lair_pool
D:4:      layout_loops_ring, xom_teletrap_fun, temple_doors_e

Skill      XL: |  1  2  3 |
---------------+----------+-----
Spellcasting   | 3 |  3.8
Stealth        | 2 |  2.2
Fighting       | |  0.3
Dodging        | |  2.6

Action                   |  1- 3 |  4- 6 || total
-------------------------+-------+-------++-------
Melee: Unarmed           |     9 |       ||     9
       Punch             |     1 |       ||     1
 Cast: Foxfire           |    78 |    29 ||   107
Armor: Robe              |     7 |     2 ||     9
Dodge: Dodged            |    23 |     5 ||    28
